 Dungeon Crawl Stone Soup version 0.31-a0-237-g2d982f9f85 (webtiles) character file.

Game seed: 957902735350014406

89 qw the Shooter (level 4, 0/26 HPs)
             Began as a Gargoyle Hexslinger on July 10, 2023.
             Slain by Terence
             ... wielding a +2 hand axe of electrocution
              (7 damage)
             ... on level 3 of the Dungeon.
             The game lasted 00:00:50 (1720 turns).

qw the Shooter (Gargoyle Hexslinger)                Turns: 1720, Time: 00:00:50

Health: 0/26       AC:  9    Str: 12    XL:     4   Next: 55%
Magic:  5/5        EV: 10    Int: 13    God:
Gold:   216        SH:  0    Dex: 14    Spells: 4/5 levels left

rFire   . . .        Y - +1 sling
rCold   . . .        (no shield)
rNeg    + . .        d - +0 ring mail
rPois   inf          e - +0 helmet
rElec   +            (no cloak)
rCorr   .            (no gloves)
SInv    .            (no boots)
Will    .....        (no amulet)
Stlth   +            (no ring)
HPRegen 0.24/turn    (no ring)
MPRegen 0.09/turn

%: no passive effects
@: no status effects
A: sickness immunity, AC +3, negative energy resistance 1, electricity
resistance, torment resistance 1, petrification resistance
a: no special abilities


You were on level 3 of the Dungeon.
You visited 1 branch of the dungeon, and saw 3 of its levels.

You collected 216 gold pieces.


Innate Abilities, Weirdness & Mutations

You are immune to sickness and miasma.
Your stone body is resilient. (AC +3)
You are immune to poison.
You resist negative energy. (rN+)
You are resistant to electric shocks. (rElec)
You are resistant to unholy torment.
You are immune to petrification.


   Skills:
 - Level 2.0 Fighting
 + Level 4.1 Ranged Weapons
 - Level 1.0 Armour
 - Level 1.5 Dodging
 - Level 1.0 Spellcasting
 - Level 2.6 Hexes


You had 4 spell levels left.
You knew the following spells:

 Your Spells              Type           Power      Damage    Failure   Level
a - Slow                  Hex            28%        N/A       22%         1

Your spell library contained the following spells:

 Spells                   Type           Power      Damage    Failure   Level
 Inner Flame              Hex/Fire       4%         N/A       73%         3
 Portal Projectile        Hex/Tloc       8%         N/A       73%         3
 Cause Fear               Hex            3%         N/A       91%         4

Inventory:

Hand Weapons
 Y - a +1 sling (weapon)
Armour
 d - a +0 ring mail (worn)
 e - a +0 helmet (worn)
Scrolls
 c - a scroll of acquirement {unknown}
Potions
 a - a potion of might
 b - a potion of haste {unknown}
 h - a potion of lignification {unknown}

Dungeon Overview and Level Annotations

Branches:
Dungeon (3/15)

Altars:

Annotations:
D:3 Terence


Message History

Terence barely misses you.
You shoot a sling bullet. The sling bullet barely misses Terence.
Terence barely misses you. Terence closely misses you.
You shoot a sling bullet. The sling bullet barely misses Terence.
Terence says, "How do you enjoy it?" Terence hits you but does no damage.
You shoot a sling bullet. The sling bullet barely misses Terence.
Terence hits you but does no damage.
You shoot a sling bullet.
The sling bullet hits Terence but does no damage.
Terence is heavily wounded.
Terence misses you. Terence hits you but does no damage.
You shoot a sling bullet. The sling bullet hits Terence.
Terence is heavily wounded.
Terence closely misses you.
You shoot a sling bullet.
The sling bullet hits Terence but does no damage.
Terence is heavily wounded.
Terence hits you with a +2 hand axe of electrocution.
You shoot a sling bullet.
The sling bullet hits Terence but does no damage.
Terence is heavily wounded.
Terence hits you with a +2 hand axe of electrocution!
Terence hits you but does no damage.
You shoot a sling bullet.
The sling bullet hits Terence but does no damage.
Terence is heavily wounded.
Terence hits you but does no damage.
You shoot a sling bullet.
The sling bullet closely misses Terence.
Terence closely misses you.
You shoot a sling bullet. The sling bullet barely misses Terence.
Terence hits you with a +2 hand axe of electrocution.
Terence closely misses you.
You shoot a sling bullet. The sling bullet barely misses Terence.
Terence barely misses you.
You shoot a sling bullet. The sling bullet hits Terence.
Terence is severely wounded.
Terence hits you with a +2 hand axe of electrocution!
You die...

#.. ### #.. .:. ########.. .$..
##......... ..... .........##
..)..# #.......#. .....###
#......... #.@.## #..####.###
#@.# ###.###..)### ##.# #..
#...#...# #.###.###.###...#
#..##.##..###...#
#####..............#
#####..................#
#######.......#..##....###....
..........###.........####....
########.###...#...###....####.


You could see Terence.

Vanquished Creatures
  3 adders
  A worm (D:2)
  2 dart slugs (D:2)
  6 ball pythons
  4 endoplasms
  6 giant cockroaches
  5 goblins
  A hobgoblin (D:2)
  6 jackals
  A quokka (D:2)
  6 bats
  A frilled lizard (D:2)
  5 kobolds
  4 rats
51 creatures vanquished.

Notes
Turn   | Place    | Note
-------+----------+-------------------------------------------
     0 | D:1      | qw the Gargoyle Hexslinger began the quest for the Orb.
     0 | D:1      | Reached XP level 1. HP: 12/12 MP: 2/2
     0 | D:1      | 0 ||| qw: Version: 0.3-a-52-g30416fa
     0 | D:1      | 0 ||| qw: Game counter: 4970
     0 | D:1      | 0 ||| qw: Melee chars always use a shield: true
     0 | D:1      | 0 ||| qw: God list: Okawaru
     0 | D:1      | 0 ||| qw: Allow faded altars: false
     0 | D:1      | 0 ||| qw: Do Orc after clearing Dungeon:15 true
     0 | D:1      | 0 ||| qw: Do second Lair branch before Depths: true
     0 | D:1      | 0 ||| qw: Lair rune preference: random
     0 | D:1      | 0 ||| qw: Goals: Normal
     0 | D:1      | 0 ||| PLANNING D:1-11
   153 | D:1      | HP: 3/12 [bat (1)]
   159 | D:1      | HP: 3/12 [bat (1)]
   160 | D:1      | Reached XP level 2. HP: 4/16 MP: 3/3
   164 | D:1      | HP: 3/16 [bat (1)]
   410 | D:1      | Reached skill level 3 in Ranged Weapons
   665 | D:1      | 665 ||| UPGRADING to +0 ring mail.
   675 | D:1      | 675 ||| DROPPING +0 robe.
   676 | D:1      | 676 ||| READING scroll labelled ACLEUJ HEGEOHO.
   677 | D:1      | 677 ||| READING scroll labelled LOFIST OKLOLIK.
   678 | D:1      | 678 ||| DRINKING 2 emerald potions.
   679 | D:1      | 679 ||| DROPPING scroll of poison.
   680 | D:1      | 680 ||| DROPPING potion of magic.
   836 | D:2      | Reached XP level 3. HP: 21/21 MP: 4/4
   836 | D:2      | Found a faded altar of an unknown god.
  1217 | D:2      | Reached XP level 4. HP: 26/26 MP: 5/5
  1370 | D:2      | 1370 ||| UPGRADING to +0 helmet.
  1375 | D:2      | 1375 ||| READING scroll labelled HAROEPTYOX.
  1376 | D:2      | 1376 ||| READING scroll labelled ENEOSERR WAERCH.
  1377 | D:2      | 1377 ||| READING scroll labelled MEURESCHUCUE.
  1378 | D:2      | 1378 ||| READING scroll labelled JIACUH ERUA.
  1379 | D:2      | 1379 ||| DRINKING 2 smoky blue potions.
  1417 | D:3      | Reached skill level 1 in Armour
  1438 | D:3      | Reached skill level 4 in Ranged Weapons
  1701 | D:3      | Noticed Terence
  1720 | D:3      | Slain by Terence

Levels and vault maps discovered:
D:1:      dpeg_arrival_rhombi, layout_loops_cross
D:2:      layout_rooms, shapermc_ecumenical_altar_acropolis
D:3:      layout_rooms, uniq_terence

Skill      XL: |  1  2  3  4 |
---------------+-------------+-----
Ranged Weapons | 3 4 |  4.1
Fighting       | 2 |  2.0
Armour         | 1 |  1.0
Dodging        | |  1.5
Spellcasting   | |  1.0
Hexes          | |  2.6

Action                     |  1- 3 |  4- 6 || total
---------------------------+-------+-------++-------
   Fire: Sling             |   142 |    71 ||   213
    Use: Scroll            |     2 |     4 ||     6
         Potion            |     1 |     1 ||     2
 Armour: Robe              |    36 |       ||    36
         Ring mail         |    23 |    16 ||    39
  Dodge: Dodged            |    99 |    28 ||   127

Table legend:
 A = Non-vault XP
 B = Vault XP
 C = Vault XP percentage of total XP
 D = Non-vault monster count
 E = Vault monster count
 F = Vault count percentage of total count
                 A         B        C        D         E       F
            +---------+---------+-------+---------+---------+-------
      Total |     128 |       0 |   0.0 |      51 |       0 |   0.0
            +---------+---------+-------+---------+---------+-------
        D:1 |      23 |       0 |   0.0 |      13 |       0 |   0.0
        D:2 |      60 |       0 |   0.0 |      24 |       0 |   0.0
        D:3 |      45 |       0 |   0.0 |      14 |       0 |   0.0
            +---------+---------+-------+---------+---------+-------
